[Event "ICCopen2016"]
[Site "Internet Chess Club"]
[Date "2016.06.04"]
[Round "8"]
[White "ARMCOMPOSER"]
[Black "gsvc"]
[Result "0-1"]
[ICCResult "White checkmated"]
[WhiteElo "2994"]
[BlackElo "2870"]
[Opening "Caro-Kann: advance variation"]
[ECO "B12"]
[NIC "CK.04"]
[Time "15:21:36"]
[TimeControl "180+0"]

1. e4 c6 2. d4 d5 3. e5 Bf5 4. Be2 e6 5. Nf3 Ne7 6. c3 c5 7. dxc5 Nd7 8. b4
a5 9. O-O Nc6 10. Bb5 Bg4 11. Nbd2 axb4 12. cxb4 Nxb4 13. h3 Bh5 14. g4 Bg6
15. Nd4 Bxc5 16. N2b3 Be7 17. f4 Be4 18. f5 O-O 19. f6 gxf6 20. Bxd7 fxe5
21. Nxe6 Qxd7 22. Nxf8 Bxf8 23. Bb2 Nd3 24. Qd2 Qd8 25. Rae1 Qb6+ 26. Kh2
Rxa2 27. Qg5+ Qg6 28. Qxg6+ hxg6 29. Re2 Rxb2 30. Rxb2 Nxb2 31. Na5 b5 32.
Nc6 Nc4 33. Ra1 b4 34. Ra8 b3 35. Rb8 b2 36. Nxe5 b1=Q 37. Rxb1 Bxb1 38. Nc6
Bd6+ 39. Kg2 Be4+ 40. Kf2 f5 41. g5 f4 42. Ke2 f3+ 43. Kf2 Bc5+ 44. Kg3 f2
45. Ne7+ Bxe7 46. Kxf2 Bxg5 47. Kg3 Bf5 48. h4 Bf6 49. h5 g5 50. h6 Be5+ 51.
Kf3 Kh7 52. Ke2 Kxh6 53. Kf2 g4 54. Kf1 g3 55. Kg2 Be4+ 56. Kh3 g2 57. Kh4
g1=Q 58. Kh3 Qg3# {White checkmated} 0-1

[Event "ICCopen2016"]
[Site "Internet Chess Club"]
[Date "2016.06.04"]
[Round "8"]
[White "jjn"]
[Black "Shafkat"]
[Result "1-0"]
[ICCResult "Black forfeits on time"]
[WhiteElo "1828"]
[BlackElo "1638"]
[Opening "Vienna gambit"]
[ECO "C25"]
[NIC "VG.04"]
[Time "15:20:53"]
[TimeControl "180+0"]

1. e4 e5 2. Nc3 Nc6 3. f4 exf4 4. Nf3 d6 5. d4 Nf6 6. Bxf4 Bd7 7. Bd3 g6 8.
Qd2 Bg7 9. O-O-O O-O 10. Bh6 Re8 11. Bxg7 Kxg7 12. h4 Bg4 13. Rdf1 Bxf3 14.
gxf3 Nxd4 15. h5 Nxh5 16. f4 Ng3 17. f5 Nxh1 18. Rxh1 Rh8 19. Nd5 h5 20. f6+
Kf8 21. Ne7 Nc6 22. Qg5 Nxe7 23. fxe7+ Qxe7 24. Qd5 Rb8 25. Rf1 Rh7 26. Qd4
Qg5+ 27. Kb1 Qe5 28. Qxa7 Re8 29. Qxb7 Kg7 30. Qxc7 Qe7 31. Qc3+ f6 32. Rg1
Qe5 33. Qd2 Rb8 34. b3 Rb6 35. Qg2 g5 36. Qf2 Kg6 37. Qxb6 Re7 38. Rf1 h4
39. Rf5 h3 40. Rxe5 h2 41. Rxe7 h1=Q+ 42. Kb2 Qf3 43. Qxd6
{Black forfeits on time}
1-0

[Event "ICCopen2016"]
[Site "Internet Chess Club"]
[Date "2016.06.04"]
[Round "8"]
[White "TudoracheM"]
[Black "Colombiano07"]
[Result "0-1"]
[ICCResult "White resigns"]
[WhiteElo "1703"]
[BlackElo "1917"]
[Opening "Robatsch defense"]
[ECO "B06"]
[NIC "KF.05"]
[Time "15:22:50"]
[TimeControl "180+0"]

1. e4 g6 2. d4 Bg7 3. Nc3 a6 4. f4 b5 5. a3 d6 6. Nf3 Nd7 7. Bd3 Bb7 8. O-O
c5 9. d5 Ngf6 10. Qe2 O-O 11. Kh1 c4 12. Bxc4 bxc4 13. Qxc4 Rc8 14. Qe2 Qc7
15. Be3 Qc4 16. Qf2 Nxe4 17. Nxe4 Qxe4 18. c3 Qxd5 19. Rae1 Rfe8 20. Bd4 e5
21. Be3 Nc5 22. Rd1 Qb3 23. Rxd6 Ne4 24. Qe2 Nxd6 25. fxe5 Nc4 26. Bd4 Qxb2
27. Qe3 Nxe3 {White resigns} 0-1

[Event "ICCopen2016"]
[Site "Internet Chess Club"]
[Date "2016.06.04"]
[Round "8"]
[White "VerdeNotte"]
[Black "kvicc"]
[Result "1-0"]
[ICCResult "Black resigns"]
[WhiteElo "2793"]
[BlackElo "2161"]
[Opening "Benko's opening"]
[ECO "A00"]
[NIC "VO.09"]
[Time "15:21:45"]
[TimeControl "180+0"]

1. g3 Nf6 2. Bg2 e6 3. e4 d5 4. exd5 Nxd5 5. d4 Nb6 6. Nf3 c5 7. O-O Nc6 8.
dxc5 Qxd1 9. Rxd1 Bxc5 10. Nc3 O-O 11. Ne4 Be7 12. Nd6 Bxd6 13. Rxd6 Nb4 14.
c3 N4d5 15. Nd2 Re8 16. a4 Kf8 17. b3 Ke7 18. Ba3 Kf6 19. c4 Nc3 20. Bb2 Ke7
21. Rxb6 axb6 22. Bxc3 f6 23. Bb4+ Kf7 24. Ne4 Rd8 25. Nd6+ Kg8 26. Nxc8
Raxc8 27. Bxb7 Rc7 28. Be4 Rd4 29. Bc2 Rd8 30. a5 Ra7 31. Ra4 bxa5 32. Rxa5
Rb7 33. Bc3 Rd6 34. c5 Rd8 35. b4 Rc8 36. Bb3 Kf7 37. Ra6 Re7 38. c6 Rec7
39. b5 Rb8 40. Ba5 Rcc8 41. Ra7+ Kg6 42. Bxe6 Rxb5 43. Bxc8 {Black resigns}
1-0

[Event "ICCopen2016"]
[Site "Internet Chess Club"]
[Date "2016.06.04"]
[Round "8"]
[White "Danya"]
[Black "B-Amin"]
[Result "1-0"]
[ICCResult "Black forfeits on time"]
[WhiteElo "3048"]
[BlackElo "2928"]
[Opening "French: Tarrasch, closed variation"]
[ECO "C05"]
[NIC "FR.16"]
[Time "15:21:27"]
[TimeControl "180+0"]

1. d4 e6 2. e4 d5 3. Nd2 Nf6 4. e5 Nfd7 5. Ngf3 c5 6. c3 Nc6 7. Bd3 Be7 8.
O-O g5 9. dxc5 g4 10. Nd4 Ncxe5 11. Bb5 a6 12. Ba4 Bxc5 13. Qe2 b5 14. Bb3
Qb6 15. a4 b4 16. a5 Qa7 17. Kh1 Bxd4 18. cxd4 Qxd4 19. f4 gxf3 20. Nxf3 Qd3
21. Qe1 Ng6 22. Ng5 Nde5 23. Bf4 Qxb3 24. Bxe5 O-O 25. Rf3 Qc2 26. Rc1 Qa4
27. Nxh7 Kxh7 28. Rh3+ Kg8 29. Qg3 {Black forfeits on time} 1-0

[Event "ICCopen2016"]
[Site "Internet Chess Club"]
[Date "2016.06.04"]
[Round "8"]
[White "tophop"]
[Black "Yedixon"]
[Result "0-1"]
[ICCResult "White forfeits on time"]
[WhiteElo "1625"]
[BlackElo "1304"]
[Opening "Petrov: Nimzovich attack"]
[ECO "C42"]
[NIC "RG.03"]
[Time "15:20:57"]
[TimeControl "180+0"]

1. e4 e5 2. Nf3 Nf6 3. Nxe5 d6 4. Nf3 Nxe4 5. Nc3 Nxc3 6. dxc3 Bf5 7. Be3
Be7 8. Qd2 O-O 9. O-O-O Nc6 10. Rg1 h5 11. h3 a6 12. g4 hxg4 13. hxg4 Bg6
14. Rh1 Ne5 15. Nxe5 dxe5 16. Bd3 e4 17. Bc4 Qxd2+ 18. Rxd2 Rad8 19. Rhd1 b5
20. Bd5 c5 21. Bb7 a5 22. Rd7 Rxd7 23. Rxd7 Bf6 24. Bxc5 Rd8 25. Rxd8+ Bxd8
26. Bc6 b4 27. cxb4 axb4 28. Bxb4 Bb6 29. a4 Bxf2 30. a5 e3 31. Kd1 f5 32.
c4 fxg4 {White forfeits on time} 0-1

[Event "ICCopen2016"]
[Site "Internet Chess Club"]
[Date "2016.06.04"]
[Round "8"]
[White "thenowtime"]
[Black "Xadrez47"]
[Result "0-1"]
[ICCResult "White forfeits on time"]
[WhiteElo "1906"]
[BlackElo "1517"]
[Opening "Scandinavian defense"]
[ECO "B01"]
[NIC "SD.03"]
[Time "15:20:47"]
[TimeControl "180+0"]

1. e4 d5 2. exd5 Nf6 3. Bb5+ Nbd7 4. Nc3 a6 5. Be2 Nb6 6. Nf3 Nbxd5 7. O-O
Nf4 8. d4 Nxe2+ 9. Qxe2 Bg4 10. Qe3 e6 11. Ne5 Bh5 12. f3 Bd6 13. Nd3 Qe7
14. Nf4 Bxf4 15. Qxf4 O-O-O 16. Qg3 Rxd4 17. Qxg7 Rg8 18. Qh6 Bg6 19. Bg5
Rd5 20. Nxd5 exd5 21. Qh4 Qc5+ 22. Kh1 Nd7 23. c4 d4 24. b4 Qxc4 25. Rac1
Qxb4 26. Qf4 Nc5 27. Qe5 Ne6 28. Bf4 Kb8 29. Bg3 Ka8 30. Rfd1 d3 31. Qd5 Rd8
32. Qb3 Qd6 33. Rd2 Qd4 34. Rc4 Qe3 35. Rd1 Qe2 36. Rb4 b5 37. a4 Nc5
{White forfeits on time}
0-1

[Event "ICCopen2016"]
[Site "Internet Chess Club"]
[Date "2016.06.04"]
[Round "8"]
[White "TRADE"]
[Black "Eraser007"]
[Result "1-0"]
[ICCResult "Black forfeits on time"]
[WhiteElo "2730"]
[BlackElo "2207"]
[Opening "Alekhine's defense: modern, Larsen variation"]
[ECO "B04"]
[NIC "AL.05"]
[Time "15:21:02"]
[TimeControl "180+0"]

1. e4 Nf6 2. e5 Nd5 3. Nf3 d6 4. d4 dxe5 5. Nxe5 c6 6. Bc4 g6 7. O-O Bg7 8.
Re1 Be6 9. Bb3 O-O 10. Nd2 Nd7 11. Nef3 Bg4 12. h3 Bxf3 13. Nxf3 e6 14. c3
Rc8 15. Bc2 Qc7 16. h4 h5 17. g3 c5 18. dxc5 Nxc5 19. Ng5 Rfd8 20. Qf3 Qe7
21. Kg2 Qf6 22. Qe2 a6 23. Bd2 b5 24. Rad1 Nb6 25. Be3 Qe7 26. Rxd8+ Rxd8
27. Rd1 Rxd1 28. Qxd1 Nc4 29. Bc1 Qd7 30. Qf3 Ne5 31. Qa8+ Bf8 32. Be3 Qc6+
33. Qxc6 Nxc6 34. Ne4 Nd7 35. b4 Nde5 36. a4 Nc4 37. Bc1 Bg7 38. a5 Kf8 39.
Bd3 Ke7 40. Bxc4 bxc4 41. Bd2 Ne5 42. Nc5 Nd3 43. Nxa6 Kd6 44. Kf1 Kc6 45.
Ke2 Kb7 46. b5 Nb2 47. Nb4 Na4 48. Na2 {Black forfeits on time} 1-0

[Event "ICCopen2016"]
[Site "Internet Chess Club"]
[Date "2016.06.04"]
[Round "8"]
[White "cloak1"]
[Black "flinkfinger"]
[Result "0-1"]
[ICCResult "White forfeits on time"]
[WhiteElo "1811"]
[BlackElo "2174"]
[Opening "Sicilian: Taimanov (Bastrikov) variation"]
[ECO "B47"]
[NIC "SI.40"]
[Time "15:20:40"]
[TimeControl "180+0"]

1. e4 c5 2. Nf3 e6 3. d4 cxd4 4. Nxd4 Nc6 5. Nc3 Qc7 6. Ndb5 Qb8 7. Be3 a6
8. Bb6 axb5 9. Nxb5 Bb4+ 10. c3 Ba5 11. Nc7+ Qxc7 12. Bxc7 Bxc7 13. Qg4 g6
14. Bd3 Ne5 15. Qe2 Nf6 16. Bc2 d6 17. O-O O-O 18. f4 Nc6 19. f5 Bd7 20. g4
exf5 21. exf5 Rae8 22. Qg2 Bb6+ 23. Kh1 Ne5 24. Rf4 Bc6 25. Be4 Nxe4 26.
Rxe4 Nxg4 27. Rae1 Nf2+ 28. Kg1 Nxe4+ 29. Kf1 Bb5+ 30. Re2 Nd2+ 31. Ke1
Rxe2+ 32. Qxe2 Bxe2 33. Kxe2 Nc4 34. b3 Ne3 35. f6 Nf5 36. Kd3 Re8 37. Kc4
Re6 38. Kb5 Bd8 39. Kc4 Rxf6 40. Kd5 Ne7+ 41. Kd4 Rf2 42. Kd3 Rxh2 43. a4
Ra2 44. b4 Rxa4 45. Kc4 Ra3 46. Kd3 Nf5 47. Kd2 Bf6 48. Kc2 Bxc3 49. Kd3
Bxb4+ 50. Kc4 Bc5 51. Kb5 Ra6 52. Kc4 Rc6 53. Kd3 h5 54. Ke4 h4 55. Kf3 h3
56. Kg4 d5 57. Kg5 Kf8 58. Kg4 Ke7 59. Kg5 Ke6 60. Kg4 b5 61. Kg5 b4 62. Kg4
b3 63. Kg5 b2 64. Kg4 b1=Q 65. Kg5 Qg1+ 66. Kf4 Be3+ 67. Kf3 Qf2+ 68. Kg4
Qf4+ {White forfeits on time} 0-1

[Event "ICCopen2016"]
[Site "Internet Chess Club"]
[Date "2016.06.04"]
[Round "8"]
[White "The7thGuest"]
[Black "rovov"]
[Result "0-1"]
[ICCResult "White checkmated"]
[WhiteElo "2101"]
[BlackElo "1780"]
[Opening "Queen's pawn game"]
[ECO "D02"]
[NIC "QP.08"]
[Time "15:21:04"]
[TimeControl "180+0"]

1. d4 d5 2. Nf3 c6 3. e3 Nf6 4. Bd3 Bg4 5. h3 Bxf3 6. Qxf3 e6 7. O-O Bd6 8.
Qe2 O-O 9. b3 c5 10. Bb2 Nc6 11. c3 cxd4 12. exd4 Rc8 13. Nd2 Qc7 14. Nf3
Na5 15. Rfe1 Rfd8 16. Ne5 Nc6 17. f4 Be7 18. g4 Nxe5 19. fxe5 Nd7 20. Rf1 b5
21. Bxb5 Rb8 22. Bd3 a5 23. Bxh7+ Kxh7 24. Rxf7 Nxe5 25. Qxe5 Qxe5 26. dxe5
Bg5 27. Raf1 a4 28. b4 Rdc8 29. a3 Bd2 30. R1f3 Rc4 31. Rd7 Rbc8 32. Rff7
Bxc3 33. Rxg7+ Kh8 34. Bxc3 Rxc3 35. Rgf7 Rc2 36. Rf2 Rc1+ 37. Kg2 R1c3 38.
g5 Rxa3 39. h4 Rb3 40. h5 a3 41. g6 Rb2 42. Rf7 a2 43. Rh7+ Kg8 44. Rxb2
a1=Q 45. Rf2 Qd1 46. Rf3 Rc2+ 47. Kg3 Qg1+ 48. Kf4 Rc4# {White checkmated}
0-1

[Event "ICCopen2016"]
[Site "Internet Chess Club"]
[Date "2016.06.04"]
[Round "8"]
[White "fviana"]
[Black "vidalnovich"]
[Result "0-1"]
[ICCResult "White resigns"]
[WhiteElo "2169"]
[BlackElo "1781"]
[Opening "King's Indian, 3.Nf3"]
[ECO "E61"]
[NIC "KI.80"]
[Time "15:22:04"]
[TimeControl "180+0"]

1. d4 Nf6 2. c4 g6 3. Nf3 Bg7 4. Nc3 O-O 5. Bf4 d6 6. h3 c5 7. d5 Qa5 8. Qd2
Bf5 9. g4 Bc8 10. e3 a6 11. Be2 Bd7 12. O-O h5 13. g5 Ne8 14. Kg2 b5 15.
Rfc1 b4 16. Nd1 Qd8 17. e4 a5 18. e5 Qc8 19. h4 Bg4 20. exd6 Nxd6 21. Ne3 f6
22. Bxd6 exd6 23. Qd3 f5 24. Rab1 Nd7 25. Nxg4 hxg4 26. Nh2 Ne5 27. Qc2 f4
28. Nxg4 f3+ 29. Bxf3 Rxf3 30. Nxe5 Qh3+ 31. Kg1 dxe5 32. Qxg6 Raf8 33. Rf1
Qg4+ {White resigns} 0-1

[Event "ICCopen2016"]
[Site "Internet Chess Club"]
[Date "2016.06.04"]
[Round "8"]
[White "mathman"]
[Black "Astigmatist"]
[Result "0-1"]
[ICCResult "White resigns"]
[WhiteElo "2309"]
[BlackElo "2015"]
[Opening "Scandinavian defense"]
[ECO "B01"]
[NIC "SD.03"]
[Time "15:21:22"]
[TimeControl "180+0"]

1. e4 d5 2. exd5 Nf6 3. Nc3 Nxd5 4. Bc4 Nb6 5. Bb3 c5 6. d3 Bf5 7. Qf3 Qd7
8. Nge2 e6 9. Ng3 Bg6 10. h4 h6 11. h5 Bh7 12. a4 a5 13. Bf4 Nc6 14. Nb5 Rc8
15. Ne4 Nd4 16. Nxd4 cxd4 17. Rh3 Nd5 18. Bd2 Nb4 19. Rc1 Qc6 20. Rg3 f5 21.
Rg6 fxe4 22. Qg4 Bxg6 23. Qxg6+ Kd8 24. Bxe6 exd3 25. Kf1 dxc2 26. Re1 Be7
27. Qxg7 Re8 28. Qxd4+ Qd6 29. Qe3 Qd3+ 30. Qxd3+ Nxd3 31. Bxa5+ Rc7 32. Bf7
{White resigns}
0-1

[Event "ICCopen2016"]
[Site "Internet Chess Club"]
[Date "2016.06.04"]
[Round "8"]
[White "supermouse"]
[Black "welo1969"]
[Result "1-0"]
[ICCResult "Black forfeits on time"]
[WhiteElo "2682"]
[BlackElo "1628"]
[Opening "Queen's pawn game, Darooha variation "]
[ECO "D02"]
[NIC "QP.08"]
[Time "15:20:54"]
[TimeControl "180+0"]

1. d4 d5 2. Nf3 Nf6 3. g3 c6 4. Bg2 Bf5 5. O-O e6 6. Nbd2 h6 7. c4 Be7 8.
Qb3 Qb6 9. c5 Qc7 10. Re1 Nbd7 11. Nb1 b6 12. Bf4 Qc8 13. cxb6 axb6 14. Nc3
O-O 15. Rac1 Qa6 16. a3 Rfc8 17. Ne5 Nxe5 18. Bxe5 Nd7 19. e4 Nxe5 20. dxe5
Bg6 21. exd5 cxd5 22. Bf1 Qa5 23. Qb5 Bc5 24. b4 Qxb5 25. Nxb5 Be7 26. f4
Bc2 27. Nd4 Be4 28. Nc6 Bf8 29. Re3 g5 30. Rec3 Kh7 31. Bg2 Bxg2 32. Kxg2
gxf4 33. gxf4 h5 34. Nd4 Rxc3 35. Rxc3 Bh6 36. Kf3 Kg6 37. Nb5 f6 38. Rc6
fxe5 39. Rxe6+ Kg7 40. fxe5 d4 41. Ke4 Bc1 42. Rxb6 Bxa3 43. Nxd4 Re8 44.
Nf5+ Kh7 45. e6 Bxb4 46. Ke5 Bf8 47. Rb7+ Kg6 48. Rb1 Bg7+ 49. Nxg7 Kxg7 50.
Rf1 Kh6 51. Kd6 Ra8 52. e7 Ra6+ 53. Kd7 Ra7+ 54. Ke8 Kh7 55. Kf8 Ra3 56.
e8=Q Rf3+ 57. Rxf3 {Black forfeits on time} 1-0

[Event "ICCopen2016"]
[Site "Internet Chess Club"]
[Date "2016.06.04"]
[Round "8"]
[White "kabindra"]
[Black "geemurfi"]
[Result "0-1"]
[ICCResult "White forfeits on time"]
[WhiteElo "1626"]
[BlackElo "1855"]
[Opening "Sicilian: Smith-Morra gambit"]
[ECO "B21"]
[NIC "SI.48"]
[Time "15:21:46"]
[TimeControl "180+0"]

1. e4 c5 2. d4 cxd4 3. c3 dxc3 4. Nxc3 d6 5. Bc4 Nc6 6. Nf3 a6 7. Bf4 Nf6 8.
O-O Bg4 9. Be2 e6 10. h3 Bh5 11. Qb3 Qb8 12. Rfd1 Bxf3 13. Bxf3 Ne5 14. Bxe5
dxe5 15. Na4 b5 16. Nc3 Be7 17. a4 b4 18. Nb1 O-O 19. Be2 Rd8 20. Nd2 a5 21.
Bb5 Qb7 22. f3 Bc5+ 23. Kh1 Bd4 24. Rac1 Rac8 25. Nc4 h6 26. Nxa5 Qe7 27.
Nc6 Rxc6 28. Rxc6 Nh5 29. Qc2 Ng3+ 30. Kh2 Qh4 31. Rc8 Rxc8 32. Qxc8+ Kh7
33. Qe8 Qf4 34. Rxd4 exd4 35. Bd3 Nxe4+ 36. Kg1 Qe3+ 37. Kh2 Qxd3 38. Qxf7
Nf6 39. Qxe6 Qe3 40. Qf5+ Kg8 {White forfeits on time} 0-1

[Event "ICCopen2016"]
[Site "Internet Chess Club"]
[Date "2016.06.04"]
[Round "8"]
[White "SurferRosa"]
[Black "Astaneh"]
[Result "0-1"]
[ICCResult "White checkmated"]
[WhiteElo "2477"]
[BlackElo "2732"]
[Opening "Caro-Kann: Steinitz variation"]
[ECO "B17"]
[NIC "CK.02"]
[Time "15:20:48"]
[TimeControl "180+0"]

1. e4 c6 2. d4 d5 3. Nd2 dxe4 4. Nxe4 Nd7 5. Ng5 e6 6. Bd3 Ngf6 7. N1f3 h6
8. Nxe6 fxe6 9. Bg6+ Ke7 10. O-O Qc7 11. Re1 Kd8 12. c4 Bb4 13. Re2 Nf8 14.
Bc2 Bd6 15. g3 g5 16. Ne5 b6 17. b3 Bb7 18. Bb2 Bxe5 19. dxe5+ N6d7 20. Be4
c5 21. Qd3 Rc8 22. Rd1 Bxe4 23. Qxe4 Rh7 24. Rd6 Rf7 25. Red2 Ke8 26. h4
gxh4 27. Qxh4 Ng6 28. Rxe6+ Ne7 29. Rxh6 Nf8 30. e6 Rf5 31. Rh8 Ng6 32. Qe4
Rg5 33. Rd7 Qc6 34. Qe3 Rg4 35. e7 Kxd7 36. exf8=Q Rxf8 37. Rh7+ Kc8 38. Qe2
Re4 39. Qd2 Rfe8 40. Bc3 Re2 41. Qd1 Qe6 42. Qf1 Nf4 43. Rxa7 Qh3 44. Qxh3+
Nxh3+ 45. Kg2 Nxf2 46. Ra8+ Kb7 47. Rxe8 Rxe8 48. Kf3 Rf8+ 49. Ke3 Rg8 50.
Be5 Kc6 51. Kf4 Ng4 52. Kf5 Nxe5 53. Kxe5 Rxg3 54. Ke6 Rg2 55. Ke7 Rxa2 56.
Kd8 Ra3 57. Kc8 Rxb3 58. Kb8 Rb4 59. Ka7 Rxc4 60. Ka6 Rb4 61. Ka7 b5 62. Kb8
Ra4 63. Kc8 Ra8# {White checkmated} 0-1

[Event "ICCopen2016"]
[Site "Internet Chess Club"]
[Date "2016.06.04"]
[Round "8"]
[White "jupitor1"]
[Black "pawelwaw"]
[Result "0-1"]
[ICCResult "White checkmated"]
[WhiteElo "939"]
[BlackElo "1556"]
[Opening "KP: Indian opening"]
[ECO "C20"]
[NIC "KP.10"]
[Time "15:22:34"]
[TimeControl "180+0"]

1. e4 e5 2. d3 Bc5 3. Nc3 Nc6 4. Qe2 Nf6 5. Be3 Bb6 6. Bxb6 axb6 7. O-O-O
O-O 8. Nf3 Nd4 9. Nxd4 exd4 10. Nb5 Rxa2 11. Nxd4 d5 12. e5 Nd7 13. f4 c5
14. Nf3 Nb8 15. c3 h6 16. Kb1 Ra8 17. Kc2 Bf5 18. Kc1 Nc6 19. Nh4 Bh7 20.
Nf3 d4 21. c4 Nb4 22. Nd2 b5 23. Nb3 bxc4 24. dxc4 Qb6 25. Qd2 Na2#
{White checkmated}
0-1

[Event "ICCopen2016"]
[Site "Internet Chess Club"]
[Date "2016.06.04"]
[Round "8"]
[White "Fighterman"]
[Black "jc-arias"]
[Result "1-0"]
[ICCResult "Black resigns"]
[WhiteElo "2568"]
[BlackElo "2146"]
[Opening "French: Steinitz, Boleslavsky variation"]
[ECO "C11"]
[NIC "FR.04"]
[Time "15:22:23"]
[TimeControl "180+0"]

1. e4 e6 2. d4 d5 3. Nc3 Nf6 4. e5 Nfd7 5. f4 c5 6. Nf3 Nc6 7. Be3 cxd4 8.
Nxd4 Bc5 9. Qd2 Nxd4 10. O-O-O Nc6 11. Bxc5 Nxc5 12. Nb5 O-O 13. Nd6 f6 14.
Qe3 Qa5 15. a3 Ne4 16. Nxe4 dxe4 17. Qxe4 fxe5 18. Bd3 g6 19. h4 Bd7 20. h5
Be8 21. Bc4 Rf6 22. Rd6 Bf7 23. hxg6 hxg6 24. f5 Rxf5 25. Rxe6 Bxe6 26.
Bxe6+ Kg7 27. Bxf5 gxf5 28. Qxf5 Qd8 29. Rh7+ {Black resigns} 1-0

[Event "ICCopen2016"]
[Site "Internet Chess Club"]
[Date "2016.06.04"]
[Round "8"]
[White "mdrasko"]
[Black "shredded"]
[Result "0-1"]
[ICCResult "White forfeits on time"]
[WhiteElo "2455"]
[BlackElo "2798"]
[Opening "Réti opening"]
[ECO "A05"]
[NIC "QP.11"]
[Time "15:20:58"]
[TimeControl "180+0"]

1. Nf3 Nf6 2. g3 b6 3. Bg2 Bb7 4. O-O c5 5. c4 e6 6. Nc3 a6 7. d4 cxd4 8.
Qxd4 d6 9. Bg5 Nbd7 10. Rfd1 Be7 11. Qd2 O-O 12. Bf4 Ne8 13. Rac1 Qc7 14. b3
Rd8 15. Qe3 Ndf6 16. h3 h6 17. g4 Nh7 18. h4 Bxf3 19. Qxf3 Bxh4 20. e3 Be7
21. Qb7 Qxb7 22. Bxb7 Nc7 23. Ne4 e5 24. Bg3 Rb8 25. Bc6 Rfd8 26. Rc2 Nf6
27. Nxf6+ Bxf6 28. Rcd2 Be7 29. f4 f6 30. Kg2 Kf8 31. Kf3 b5 32. Rc2 b4 33.
g5 hxg5 34. fxg5 f5 35. g6 Bf6 36. e4 f4 37. Bf2 Ke7 38. Ba7 Ne6 39. Bxb8
Rxb8 40. Kg4 Rh8 41. Bd5 Rh4+ 42. Kf3 Nd4+ 43. Rxd4 exd4 44. c5 d3 45. Rd2
dxc5 46. Rxd3 Rh3+ 47. Ke2 Rxd3 48. Kxd3 Kd6 49. Bb7 a5 50. Ke2 Ke5 51. Kf3
Be7 52. Bd5 Bd6 53. Bc4 Kd4 54. Bd5 Be5 55. Bc6 Kc3 56. Kg4 Kb2 57. Kf5 Bd4
58. e5 Kxa2 59. Bd5 Kb2 60. e6 Bf6 61. Kxf4 Be7 62. Ke4 a4 63. bxa4 Kc3 64.
a5 b3 65. a6 b2 66. Ba2 Kc2 67. a7 c4 {White forfeits on time} 0-1

[Event "ICCopen2016"]
[Site "Internet Chess Club"]
[Date "2016.06.04"]
[Round "8"]
[White "Supermister"]
[Black "Optikk"]
[Result "1-0"]
[ICCResult "Black forfeits on time"]
[WhiteElo "2057"]
[BlackElo "1542"]
[Opening "Alekhine's defense: Scandinavian variation"]
[ECO "B02"]
[NIC "AL.10"]
[Time "15:20:59"]
[TimeControl "180+0"]

1. e4 Nf6 2. Nc3 d5 3. exd5 Nxd5 4. Bc4 c6 5. Nf3 Bg4 6. h3 Bh5 7. d4 e6 8.
Ne4 Be7 9. c3 Nd7 10. O-O N7b6 11. Be2 O-O 12. Ne5 Bxe2 13. Qxe2 Nd7 14. f4
N7f6 15. Ng5 h6 16. Ne4 Nxe4 17. Qxe4 Nf6 18. Qf3 Qd5 19. Qe2 Ne4 20. Rf3
Bh4 21. Be3 Ng3 22. Qd3 Nf5 23. Bf2 Bxf2+ 24. Rxf2 c5 25. g4 Nh4 26. Rd1
cxd4 27. Qxd4 Qxa2 28. f5 Rad8 29. Qxd8 Rxd8 30. Rxd8+ Kh7 31. Nxf7 exf5 32.
Rh8+ Kg6 33. Ne5+ Kf6 34. Nd3 Qb1+ 35. Kh2 Qxd3 36. gxf5 Nxf5 37. Rf8+ Kg6
38. R8xf5 Qxf5 39. Rxf5 Kxf5 40. Kg3 Ke4 41. Kg4 g5 42. Kh5 Kf4 43. Kxh6 g4
44. hxg4 Kxg4 45. Kg6 Kf4 46. Kf6 Ke4 47. Ke7 Kd3 48. Kd7 Kc4 49. Kc7 Kb3
50. Kxb7 {Black forfeits on time} 1-0

[Event "ICCopen2016"]
[Site "Internet Chess Club"]
[Date "2016.06.04"]
[Round "8"]
[White "zealous"]
[Black "paulohaddad"]
[Result "1-0"]
[ICCResult "Black forfeits on time"]
[WhiteElo "1793"]
[BlackElo "1680"]
[Opening "Budapest: Adler variation"]
[ECO "A52"]
[NIC "QG.01"]
[Time "15:20:59"]
[TimeControl "180+0"]

1. d4 Nf6 2. c4 e5 3. dxe5 Ng4 4. Nf3 Nc6 5. Bf4 Bc5 6. e3 Qe7 7. Nc3 Ngxe5
8. Nd5 Nxf3+ 9. Qxf3 Bb4+ 10. Kd1 Qc5 11. Nxc7+ Kd8 12. Nxa8 Qa5 13. Bc7+
Qxc7 14. Nxc7 Kxc7 15. Kc2 f6 16. Rd1 d6 17. a3 Ba5 18. b4 Bb6 19. Qd5 Rd8
20. Be2 a5 21. b5 Ne5 22. f4 Ng6 23. Bf3 Kb8 24. h4 h6 25. h5 Ne7 26. Qf7
Nf5 27. Rd3 Nxe3+ 28. Rxe3 Bxe3 29. Qe7 Bb6 30. Rd1 Bc7 31. c5 d5 32. Rxd5
Bf5+ 33. Kc3 Rxd5 34. Bxd5 Bc8 35. Qe8 Bxf4 36. Be6 Be5+ 37. Kc4 b6 38.
Qxc8+ Ka7 39. cxb6+ {Black forfeits on time} 1-0

[Event "ICCopen2016"]
[Site "Internet Chess Club"]
[Date "2016.06.04"]
[Round "8"]
[White "kaimann"]
[Black "fisek2007"]
[Result "0-1"]
[ICCResult "White checkmated"]
[WhiteElo "1991"]
[BlackElo "2439"]
[Opening "Sicilian: Nimzovich-Rossolimo attack (without ...d6)"]
[ECO "B30"]
[NIC "SI.31"]
[Time "15:21:42"]
[TimeControl "180+0"]

1. e4 c5 2. Nf3 Nc6 3. Bb5 e6 4. O-O Nge7 5. Re1 a6 6. Bf1 d6 7. c3 b5 8. d4
cxd4 9. cxd4 d5 10. e5 Ng6 11. Be3 Be7 12. a3 O-O 13. Nc3 Qb6 14. Rc1 Bd7
15. Bd3 Rac8 16. g3 Na5 17. h4 Nc4 18. Qe2 Rfd8 19. h5 Nf8 20. Bg5 Bxg5 21.
Nxg5 Qxd4 22. Rcd1 Qb6 23. Qf3 Be8 24. Re2 Nxa3 25. bxa3 Rxc3 26. Bxh7+ Nxh7
27. Qxc3 Nxg5 28. Kg2 d4 29. Qd2 Bc6+ 30. Kf1 Nf3 31. Qf4 d3 32. Re3 Nh2+
33. Kg1 Nf3+ 34. Kf1 Rd4 35. Rxf3 Rxf4 36. Rxf4 b4 37. Rxb4 Qc5 38. h6 Qc2
39. Rbb1 Qe2+ 40. Kg1 Qf3 41. Kf1 Qh1# {White checkmated} 0-1

[Event "ICCopen2016"]
[Site "Internet Chess Club"]
[Date "2016.06.04"]
[Round "8"]
[White "Peretyatko"]
[Black "Werewolf"]
[Result "1-0"]
[ICCResult "Black resigns"]
[WhiteElo "2755"]
[BlackElo "2224"]
[Opening "Benko's opening"]
[ECO "A00"]
[NIC "VO.09"]
[Time "15:21:47"]
[TimeControl "180+0"]

1. g3 d5 2. d3 g6 3. e4 Bg7 4. Bg2 c6 5. c3 e5 6. Nf3 dxe4 7. dxe4 Qxd1+ 8.
Kxd1 Bg4 9. h3 Bxf3+ 10. Bxf3 Nd7 11. Kc2 Ngf6 12. Be3 a6 13. Nd2 h5 14. g4
h4 15. g5 Nh5 16. Nc4 Ke7 17. Rhd1 Rad8 18. Na5 Nf4 19. Bg4 Ne6 20. Nxb7 Rb8
21. Na5 Rhc8 22. Nc4 Rc7 23. Rd2 Ndc5 24. f3 Rd7 25. Rxd7+ Nxd7 26. b4 c5
27. Bxe6 Kxe6 28. bxc5 Rc8 29. Rb1 Bf8 30. Nb6 Rc6 31. Nxd7 Kxd7 32. Rb7+
Ke6 33. Rb6 Kd7 34. Kd3 Bxc5 35. Bxc5 Rxc5 36. Rxa6 Rc7 37. a4 Rb7 38. Kc2
Kc7 39. a5 Kb8 40. Rd6 Re7 41. c4 Ka7 42. Kc3 Rb7 43. Rb6 Rxb6 44. axb6+
Kxb6 45. Kb4 Kc6 46. c5 Kd7 47. Kb5 Ke6 48. c6 f6 49. gxf6 Kxf6 50. c7 Kg5
51. c8=Q Kf4 52. Qg4+ {Black resigns} 1-0

[Event "ICCopen2016"]
[Site "Internet Chess Club"]
[Date "2016.06.04"]
[Round "8"]
[White "Govindan"]
[Black "Taechess"]
[Result "0-1"]
[ICCResult "White forfeits on time"]
[WhiteElo "1396"]
[BlackElo "1284"]
[Opening "French: exchange variation"]
[ECO "C01"]
[NIC "FR.01"]
[Time "15:21:08"]
[TimeControl "180+0"]

1. e4 e6 2. d4 d5 3. exd5 exd5 4. Nf3 Nf6 5. Be2 Be7 6. O-O O-O 7. c3 c5 8.
dxc5 Bxc5 9. c4 dxc4 10. Bxc4 Nc6 11. Nc3 Bg4 12. Bg5 h6 13. Qxd8 Raxd8 14.
Bxf6 gxf6 15. Nh4 Ne5 16. Bb3 Rd2 17. Na4 Be2 18. Nxc5 Bxf1 19. Rxf1 Rxb2
20. Nxb7 Rb8 21. Nd6 Rb6 22. Ndf5 h5 23. f4 Nd3 24. Nh6+ Kg7 25. N4f5+ Kg6
26. Bxf7+ Kh7 27. Ng8 Rc6 28. Nge7 Rcc2 29. Bg6+ Kh8 30. Nh4 Rd2 31. Nef5
Rxa2 32. Ne3 Nf2 33. h3 Re2 34. Nc4 Ne4 35. Bxe4 Rxe4 36. Nd6 Re3 37. Ng6+
Kg7 38. f5 Rg3 39. Nf4 Rd2 40. Re1 Rxd6 41. Re7+ Kf8 42. Rxa7 Rd4 43. Ra8+
Ke7 44. Ra7+ Kd6 45. Ra6+ Kc5 46. Ne6+ Kc4 47. Nxd4 Kxd4 48. Rxf6 Ke5 49.
Rh6 Kxf5 50. Rxh5+ Kg6 51. Rh4 Kg5 52. Rg4+ Kf5 {White forfeits on time} 0-1